 Dungeon Crawl Stone Soup version 0.29.1 (webtiles) character file.

Game seed: 10989979823123741540

86 greasedhog the Poker (level 4, 0/37 HPs)
             Began as a Merfolk Gladiator on Sept 13, 2022.
             Was an Initiate of Ashenzari.
             Shot with a sling bullet by a goblin (5 damage)
             ... led by Robin
             ... on level 2 of the Dungeon.
             The game lasted 00:02:23 (2009 turns).

greasedhog the Poker (Merfolk Gladiator)            Turns: 2009, Time: 00:02:23

Health: 0/37       AC:  4    Str: 16    XL:     4   Next: 50%
Magic:  4/4        EV: 13    Int:  7    God:    Ashenzari [......]
Gold:   0          SH:  0    Dex: 15    Spells: 3/3 levels left

rFire   . . .      SeeInvis .   a - +0 trident
rCold   . . .      Faith    .   (no shield)
rNeg    . . .      Spirit   .   b - +0 leather armour
rPois   .          Reflect  .   c - +0 helmet
rElec   .          Harm     .   (no cloak)
rCorr   .          Rampage  .   (no gloves)
Will    .....                   (no boots)
Stlth   +.........              (no amulet)
HPRegen 0.12/turn               (no ring)
MPRegen 0.09/turn               (no ring)

@: lethally poisoned (0 -> -9)
A: (nimble swimmer 2), mertail
a: Renounce Religion, Curse Item


You were on level 2 of the Dungeon.
You worshipped Ashenzari.
Ashenzari was noncommittal.
You visited 1 branch of the dungeon, and saw 2 of its levels.

Inventory:

Hand Weapons
 a - a +0 trident (weapon)
Missiles
 d - 2 throwing nets (quivered)
 e - a javelin
Armour
 b - a +0 leather armour (worn)
 c - a +0 helmet (worn)
Scrolls
 f - a scroll of immolation
 i - a scroll of identify {unknown}
Potions
 h - a potion of haste {unknown}


   Skills:
 * Level 3.9 Fighting
 * Level 5.5 Polearms
 - Level 2.0 Throwing
 - Level 4.0 Dodging


You had 3 spell levels left.
You didn't know any spells.
Your spell library was empty.

Dungeon Overview and Level Annotations

Branches:
Dungeon (2/15)

Altars:
Ashenzari

Annotations:
D:2 Robin


Innate Abilities, Weirdness & Mutations

((You are very nimble when in or above water. (Stealth+, EV+, Speed+++)))
Your lower body shifts to a powerful aquatic tail in water.


Message History

Throw: 3 throwing nets
Press: ? - help, Q - select action, (/) - cycle Shift-Dir - straight line, f/p - Robin
Aim: Robin, wielding a +2 spear of venom, wearing a +1 animal skin and wearing a +0 helmet (heavily wounded, 68% to hit)
Okay, then.
You hit the dart slug.
The dart slug is severely wounded.
You feel very sick. Robin throws the goblin at you!
The goblin unwields a +0 sling.
The goblin wields a +1 dagger of freezing.
It glows with a cold blue light!
The goblin hits you but does no damage.
Unknown command.
It was a potion of curing.
You feel better. Robin closely misses you. The dart slug completely misses you.
The goblin barely misses you.
You hit the dart slug but do no damage.
The dart slug is severely wounded.
Robin barely misses you. The goblin hits you but does no damage.
The dart slug launches a dart at you. The slug dart hits you.
You puncture the dart slug!
You kill the dart slug!
Robin hits you from afar with a +2 spear of venom.
The goblin hits you with a +1 dagger of freezing.
The goblin freezes you. The goblin attacks as you move away!
The goblin hits you but does no damage.
The goblin no longer looks unusually strong.
Robin hits you with a +2 spear of venom!
* * * LOW HITPOINT WARNING * * *
The goblin unwields a +1 dagger of freezing.
The goblin wields a +0 sling.
The goblin shoots a sling bullet.
The sling bullet barely misses you.
You see here a dart slug corpse.
Throw: 3 throwing nets
Press: ? - help, Q - select action, (/) - cycle Shift-Dir - straight line, f/p - Robin
Aim: Robin, wielding a +2 spear of venom, wearing a +1 animal skin and wearing a +0 helmet (moderately wounded, 68% to hit)
You throw a throwing net. The throwing net barely misses Robin.
Robin hits you with a +2 spear of venom.
* * * LOW HITPOINT WARNING * * *
You are lethally poisoned!
The goblin shoots a sling bullet.
The sling bullet hits you.
You die...

# #. ##......##
#.#. ........##
##.#.#####.........
g.g.#...#......####
.... #............
#g.###...<.#
###.#...#...##.#
........)....g.#
#######...####@#
##.## #.# #<# #g#
#.# #.# #.# #.# #.#
#.. ..# ### ###


You could see Robin and a goblin.

Vanquished Creatures
  5 gnolls (D:1)
  2 dart slugs
  2 bats (D:1)
  An endoplasm (D:1)
  2 giant cockroaches (D:1)
  10 goblins
  3 hobgoblins (D:1)
  2 jackals (D:1)
  2 kobolds (D:1)
  4 ball pythons
  A frilled lizard (D:1)
  2 rats (D:1)
36 creatures vanquished.

Notes
Turn   | Place    | Note
-------+----------+-------------------------------------------
     0 | D:1      | greasedhog the Merfolk Gladiator began the quest for the
                  | Orb.
     0 | D:1      | Reached XP level 1. HP: 16/16 MP: 1/1
     1 | D:1      | Noticed an electric eel
   181 | D:1      | Reached XP level 2. HP: 10/23 MP: 2/2
   615 | D:1      | Reached XP level 3. HP: 27/29 MP: 3/3
   637 | D:1      | Found a faded altar of an unknown god.
   661 | D:1      | Prayed at the altar of an unknown god.
   661 | D:1      | Became a worshipper of Ashenzari the Shackled
   840 | D:1      | Reached skill level 5 in Polearms
   946 | D:2      | Noticed Robin
   961 | D:1      | HP: 1/29 [goblin/+0 club[Robin] (3)]
  1488 | D:1      | Reached XP level 4. HP: 14/37 MP: 4/4
  2009 | D:2      | Shot with a sling bullet by a goblin

Illustrated notes

Levels and vault maps discovered:
D:1:      arrival_aquarium_a, layout_rooms, hellmonk_ecumenical_altar_blasted,
          st_stairs_11
D:2:      layout_loops_ring, basic_altar, minmay_fractal_squares_gapless_5,
          uniq_crazy_yiuf_cottage, uniq_robin

Skill      XL: |  1  2  3 |
---------------+----------+-----
Fighting       | 3 |  3.9
Polearms       | 5 |  5.5
Throwing       | |  2.0
Dodging        | |  4.0

Action                   |  1- 3 |  4- 6 || total
-------------------------+-------+-------++-------
Melee: Trident           |    96 |    22 ||   118
Throw: Throwing net      |       |     2 ||     2
  Use: Scroll            |     1 |       ||     1
       Potion            |       |     1 ||     1
Armor: Leather armour    |    42 |     7 ||    49
Dodge: Dodged            |    78 |    30 ||   108
